 Dungeon Crawl Stone Soup version 0.32-a0-20-ge526923d97 (webtiles) character file.

Game seed: 2984080510432463185

77 jasper the Slasher (level 4, -3/37 HPs)
             Began as an Armataur Fighter on Jan 17, 2024.
             Was an Initiate of Cheibriados.
             Slain by an orc
             ... wielding a +0 trident
              (6 damage)
             ... on level 3 of the Dungeon.
             The game lasted 00:03:51 (1975 turns).

jasper the Slasher (Armataur Fighter)               Turns: 1975, Time: 00:03:51

Health: -3/37      AC:  7    Str: 23    XL:     4   Next: 14%
Magic:  0/4        EV:  8    Int:  9    God:    Cheibriados [......]
Gold:   91         SH:  4    Dex: 12    Spells: 3/3 levels left

rFire   + . .        a - +0 long sword
rCold   . . .        c - +0 buckler
rNeg    . . .        i - +0 ring mail
rPois   .            f - +0 helmet
rElec   .            (no cloak)
rCorr   .            (no gloves)
SInv    .            (no barding)
Will    .....        k - amulet of guardian spirit Stlth
                     r - ring of protection from fire
HPRegen 0.26/turn    (no ring)
MPRegen 0.09/turn

%: guardian spirit, roll
@: silenced, hasted, quick
A: large, deformed body, tough skin 3, armoured tail, roll 1
a: Renounce Religion


You were on level 3 of the Dungeon.
You worshipped Cheibriados.
Cheibriados was noncommittal.
You visited 1 branch of the dungeon, and saw 3 of its levels.

You collected 91 gold pieces.

Inventory:

Hand Weapons
 a - a +0 long sword (weapon)
 d - a +4 short sword of venom
Missiles
 g - a boomerang (quivered)
 n - 17 stones
Armour
 b - a +0 scale mail
 c - a +0 buckler (worn)
 f - a +0 helmet (worn)
 h - a +0 leather armour
 i - a +0 ring mail (worn)
 j - a +0 pair of boots
Jewellery
 k - an amulet of guardian spirit (around neck)
 r - a ring of protection from fire (left hand)
Scrolls
 e - 3 scrolls of identify
 l - a scroll of revelation
 o - a scroll of silence
 p - a scroll of fear {unknown}
 q - a scroll of enchant armour {unknown}
 s - a scroll of teleportation {unknown}


   Skills:
 - Level 2.6 Fighting
 + Level 4.1 Long Blades
 - Level 3.6 Armour
 - Level 3.2 Shields


You had 3 spell levels left.
You didn't know any spells.
Your spell library contained the following spells:

 Spells                   Type           Power      Damage    Failure   Level
 Shock                    Conj/Air       0%         1d3       61%         1
 Swiftness                Air            0%         N/A       93%         3
 Airstrike                Air            0%         2d(0-16)  100%        4


Dungeon Overview and Level Annotations

Branches:
Dungeon (3/15)

Altars:
Cheibriados

Annotations:
D:2 1 runed translucent door, Crazy Yiuf


Innate Abilities, Weirdness & Mutations

Armour fits poorly on your strangely shaped body.
You have extremely tough skin. (AC +3)
You have a long armoured tail.
You regenerate magic when rolling toward enemies. (Rampage MPRegen)


Message History

The orc hits you but does no damage. You block the ball python's attack.
The iguana bites you. The orc hits you but does no damage. x2
You take 3 damage, and have 13/37 hp.
Unknown command.
Magic scrolls do not work when you're silenced!
Unknown command.
You aren't carrying any potions.
You hit the iguana.
The iguana is lightly wounded.
The iguana barely misses you. The orc hits you but does no damage.
You barely miss the iguana.
You tail-slap the iguana, but do no damage.
The iguana misses you. The orc hits you with a +0 dagger.
* * * LOW HITPOINT WARNING * * *
You take 3 damage, and have 10/37 hp.
You hit the iguana.
The iguana is moderately wounded.
The iguana bites you.
* * * LOW HITPOINT WARNING * * *
You block the orc's attack. The orc hits you but does no damage.
You barely miss the iguana.
The iguana is lightly wounded.
The iguana bites you.
* * * LOW HITPOINT WARNING * * *
The orc hits you from afar with a +0 trident.
* * * LOW HITPOINT WARNING * * *
You take 6 damage, and have 4/37 hp.
You now have 1/4 mp.
You hit the iguana but do no damage.
The iguana is lightly wounded.
You block the orc's attack. x2; The iguana bites you.
* * * LOW HITPOINT WARNING * * *
You take 2 damage, and have 2/37 hp.
You now have 0/4 mp.
You closely miss the iguana.
The iguana is lightly wounded.
You block the orc's attack.
You closely miss the iguana.
The iguana is lightly wounded.
The iguana barely misses you.
The orc hits you from afar with a +0 trident.
You die...

.....# #.####..#..
....<# #.....o.#.#
.....# ##...###...##
.....# ##..#.##
#...## .....#
###o.##o.##......
..$..###.o.####ooo.#
$....#..o###


#oSow# ...[...### ###o#...w.# ....#### #>l@#####.# .>..# #.### ...## ... ....#
#.# ....# #. ....# . ....# # ....# ...## You could see an iguana, 7 orcs and a
ball python.

Vanquished Creatures
  Robin (D:2)
  An adder (D:2)
  2 ribbon worms (D:2)
  A dart slug (D:1)
  2 endoplasms (D:1)
  2 giant cockroaches
  13 goblins
  3 hobgoblins
  2 kobolds
  4 quokkas
  4 ball pythons
  5 bats
  3 frilled lizards
  3 rats
46 creatures vanquished.

Notes
Turn   | Place    | Note
-------+----------+-------------------------------------------
     0 | D:1      | jasper the Armataur Fighter began the quest for the Orb.
     0 | D:1      | Reached XP level 1. HP: 18/18 MP: 1/1
    26 | D:1      | Reached skill level 2 in Long Blades
   124 | D:1      | Reached XP level 2. HP: 24/25 MP: 2/2
   345 | D:1      | Reached skill level 3 in Long Blades
   410 | D:1      | Found a faded altar of an unknown god.
   947 | D:2      | Reached XP level 3. HP: 30/30 MP: 3/3
   982 | D:2      | Noticed Robin
  1009 | D:2      | Killed Robin
  1358 | D:2      | Found a runed translucent door.
  1359 | D:2      | Noticed Crazy Yiuf
  1387 | D:2      | Reached skill level 4 in Long Blades
  1387 | D:2      | Reached XP level 4. HP: 37/37 MP: 4/4
  1680 | D:2      | Found a snail-covered altar of Cheibriados.
  1745 | D:2      | Became a worshipper of Cheibriados the Contemplative
  1975 | D:3      | Slain by an orc

Illustrated notes

Levels and vault maps discovered:
D:1:      heliophobic_arrival_battle_scene, layout_loops_ring,
          ebering_ecumenical_altar_rust, minmay_tripent
D:2:      layout_loops_corners, basic_altar, minmay_misc_feat_alley,
          nicolae_elevator_lobby_plus, uniq_crazy_yiuf_cottage, uniq_robin
D:3:      layout_rooms, ebering_ghost_sewer_f, uniq_terence, uniq_natasha

Skill      XL: |  1  2  3 |
---------------+----------+-----
Long Blades    | 2 3 4 |  4.1
Fighting       | |  2.6
Armour         | |  3.6
Shields        | |  3.2

Action                     |  1- 3 |  4- 6 || total
---------------------------+-------+-------++-------
  Melee: Long sword        |    99 |    36 ||   135
         Tailslap          |    10 |     2 ||    12
  Throw: Boomerang         |    19 |     3 ||    22
    Use: Scroll            |     2 |     1 ||     3
         Potion            |     2 |     1 ||     3
 Armour: Scale mail        |    16 |       ||    16
         Ring mail         |    59 |    59 ||   118
  Dodge: Dodged            |    40 |    26 ||    66
  Block: Buckler           |    13 |    14 ||    27

Table legend: (Time is in decaauts)
 A = Elapsed time spent in this place.
 B = Non-inter-level travel time spent in this place.
 C = Inter-level travel time spent in this place.
 D = Time resting spent in this place.
 E = Time spent auto-exploring this place.
 F = Levels seen in this place.
 G = Mean time per level.
                   A        B        C        D        E       F      G
               +--------+--------+--------+--------+--------+-----+--------+
         Total |   2073 |   1999 |     74 |     80 |   1447 |   3 |  691.0 |
       Dungeon |   2073 |   1999 |     74 |     80 |   1447 |   3 |  691.0 |
               +--------+--------+--------+--------+--------+-----+--------+

Top non-repeatable levels by time:
     D:2: 1071 daAuts
     D:1: 965 daAuts
     D:3: 36 daAuts
